 Dungeon Crawl Stone Soup version 0.21-a0-404-g291f19a (webtiles) character file.

352 nikopol the Firebug (level 6, -1/32 HPs)
             Began as a Deep Elf Fire Elementalist on Oct 28, 2017.
             Killed from afar by Natasha (12 damage)
             ... with a magic dart
             ... on level 4 of the Dungeon.
             The game lasted 00:15:48 (4236 turns).

nikopol the Firebug (Deep Elf Fire Elementalist)    Turns: 4236, Time: 00:15:48

Health: -1/32      AC:  3    Str:  5    XL:     6   Next: 34%
Magic:  5/15       EV: 13    Int: 22    God:
Gold:   236        SH:  0    Dex: 15    Spells: 4/15 levels left

rFire    . . .     SeeInvis .   k - +2 dagger (speed)
rCold    . . .     Gourm    .   (no shield)
rNeg     + . .     Faith    .   a - +0 robe
rPois    .         Spirit   .   (no helmet)
rElec    .         Reflect  .   (no cloak)
rCorr    .         Harm     .   (no gloves)
MR       .....                  o - +0 pair of boots
Stlth    ++........             (no amulet)
HPRegen  0.10/turn              r - ring of positive energy
MPRegen  0.14/turn              (no ring)

@: no status effects
A: no striking features
a: no special abilities


You were on level 4 of the Dungeon.
You were very hungry.

You visited 1 branch of the dungeon, and saw 4 of its levels.

You collected 236 gold pieces.

Inventory:

Hand Weapons
 e - a +0 dagger
 k - a +2 dagger of speed (weapon)
Armour
 a - a +0 robe (worn)
 o - a +0 pair of boots (worn)
Jewellery
 n - an uncursed ring of ice
 r - a ring of positive energy (left hand)
Wands
 v - a wand of flame (16/48)
Scrolls
 d - a scroll of magic mapping {unknown}
 g - a scroll of immolation {unknown}
 j - 6 scrolls of identify {unknown}
 m - 5 scrolls of remove curse {unknown}
 q - a scroll of enchant weapon {unknown}
 u - a scroll of teleportation {unknown}
Potions
 f - 2 potions of haste {unknown}
 h - a potion of curing {unknown}
 l - a potion of invisibility {unknown}
 s - a potion of flight {unknown}
 t - 2 potions of berserk rage {unknown}
Books
 b - a book of Flames

   Spells                             Type                      Level
   a - Flame Tongue                   Conjuration/Fire             1
   b - Throw Flame                    Conjuration/Fire             2
   c - Conjure Flame                  Conjuration/Fire             3
   d - Inner Flame                    Hexes/Fire                   3
   e - Sticky Flame                   Conjuration/Fire             4
   f - Fireball                       Conjuration/Fire             5
Comestibles
 c - 4 bread rations
 i - 2 meat rations
 p - 2 royal jellies


   Skills:
 + Level 3.1 Dodging
 + Level 2.9 Stealth
 + Level 5.2 Spellcasting
 + Level 3.6 Conjurations
 + Level 5.5 Fire Magic


You had 4 spell levels left.
You knew the following spells:

 Your Spells              Type           Power        Failure   Level  Hunger
a - Flame Tongue          Conj/Fire      ####.        1%          1    None
b - Throw Flame           Conj/Fire      ####..       2%          2    None
c - Conjure Flame         Conj/Fire      ####....     4%          3    ##.....
d - Fireball              Conj/Fire      ####......   38%         5    #####..


Dungeon Overview and Level Annotations

Branches:
Dungeon (4/15)
 Temple: D:4-7

Altars:
Nemelex Xobeh

Annotations:
D:4 Natasha


Message History

Confirm with . or Enter, or press ? or * to list all spells.
Aiming: Flame Tongue
Press: ? - help, Shift-Dir - straight line, f/p - orc
Aim: an orc, wielding a falchion and carrying a wand of flame (?/48) {zapped: 1} (moderately wounded)
The flame tongue hits the orc.
You kill the orc!
An orc comes into view. It is wielding a mace.
You see here a club.
A hobgoblin comes into view. It is wielding a club.
Natasha, Servant of Life and Death comes into view.
Natasha moves out of view.
You see here a club.
The hobgoblin shouts!
Natasha barely misses you. Natasha claws you.
There is an open door here.
There is a fountain of clear blue water here.
Natasha casts a spell at you. The magic dart hits you!
You die...

.........# #.# #.# #.#.#.#
.........# #.# #.###.#.#.#
.........# #.# #.#...#.#.#
.........##########.###.#.###.#.#
................................>
.........##########.###.#.###.#..
.........# #....# #.#.# #.#..
.......#### #.##.###.#.###.#..
.......##.. ####@####.#.#.....#..
.......##.# #.......#.#.########.
##.###.##.# #.h...⌠.#.#..........
.....#.##.###g......#.###########
.....#.##.#.'..[⌠...'.#
.#...#......#.......#.#
.#........###.⌠...⌠.#.######
.#..##.#....#.......#......#
)#........#.####'####......#


You could see Natasha and a hobgoblin.

Vanquished Creatures
  A worker ant (D:4)
  Natasha (twice) (D:4)
  Terence (D:3)
  12 gnolls
  4 adders
  3 worms
  3 dart slugs
  3 leopard geckos
  4 orcs
  3 giant cockroaches
  9 goblins
  11 hobgoblins
  2 jackals (D:2)
  2 quokkas
  10 bats
  7 frilled lizards
  10 kobolds
  4 rats
91 creatures vanquished.

Notes
Turn   | Place    | Note
-------+----------+-------------------------------------------
     0 | D:1      | nikopol the Deep Elf Fire Elementalist began the quest for the Orb.
     0 | D:1      | Reached XP level 1. HP: 10/10 MP: 6/6
   189 | D:1      | Reached XP level 2. HP: 5/15 MP: 4/8
   214 | D:1      | Learned a level 2 spell: Throw Flame
   629 | D:1      | Reached XP level 3. HP: 17/19 MP: 6/9
  1383 | D:2      | Reached XP level 4. HP: 12/24 MP: 7/11
  1918 | D:2      | Learned a level 3 spell: Conjure Flame
  2072 | D:2      | Reached XP level 5. HP: 28/28 MP: 2/13
  2111 | D:2      | Learned a level 5 spell: Fireball
  2690 | D:3      | Reached skill level 5 in Fire Magic
  2894 | D:3      | Found a faded altar of an unknown god.
  3173 | D:3      | Found a sparkling altar of Nemelex Xobeh.
  3263 | D:3      | Noticed Terence
  3277 | D:3      | Killed Terence
  3694 | D:3      | Reached skill level 5 in Spellcasting
  3715 | D:3      | Reached XP level 6. HP: 32/32 MP: 8/15
  4159 | D:4      | Noticed Natasha
  4164 | D:4      | Killed Natasha
  4188 | D:4      | Noticed Natasha
  4192 | D:4      | Killed Natasha
  4215 | D:4      | Noticed Natasha
  4236 | D:4      | Killed from afar by Natasha

Vault maps used:
D:1:      dpeg_arrival_water_temple_mockup
D:3:      lemuel_coloured_pillars_altar, chequers_ecumenical_altar_twisty,
          first_bread, serial_bayou_crossing, uniq_terence
D:4:      minmay_temple_entry_poolview, serial_park_tiny_2, minmay_fountain_box,
          uniq_natasha

Skill      XL: |  1  2  3  4  5  6 |
---------------+-------------------+-----
Fire Magic     | 4 5 |  5.5
Dodging        | 3 |  3.1
Spellcasting   | 4 5 |  5.2
Conjurations   | 2 3 |  3.6
Stealth        | |  2.9

Action                   |  1- 3 |  4- 6 || total
-------------------------+-------+-------++-------
 Cast: Flame Tongue      |    65 |   109 ||   174
       Throw Flame       |     1 |    21 ||    22
       Conjure Flame     |       |     2 ||     2
  Eat: Chunk             |     1 |     8 ||     9
Armor: Robe              |     3 |     7 ||    10
Dodge: Dodged            |    15 |    15 ||    30

Table legend:
 A = Spawn XP
 B = Non-spawn XP
 C = Spawn XP percentage of total XP
 D = Spawn monster count
 E = Non-spawn monster count
 F = Spawn count percentage of total count
 G = Total turns spent on level
                    A         B        C        D         E        F      G
               +---------+---------+-------+---------+---------+-------+---------
         Total |       0 |     503 |   0.0 |       0 |      91 |   0.0 |  4236
               +---------+---------+-------+---------+---------+-------+---------
           D:1 |       0 |      74 |   0.0 |       0 |      30 |   0.0 |  1755
           D:2 |       0 |     167 |   0.0 |       0 |      34 |   0.0 |   892
           D:3 |       0 |     143 |   0.0 |       0 |      20 |   0.0 |  1358
           D:4 |       0 |     119 |   0.0 |       0 |       7 |   0.0 |   231
               +---------+---------+-------+---------+---------+-------+---------
